AoeStats
← jpierred

Arabian Desert

509249041Analyzed
1v1 RM · 6d ago on Sep 26, 2026· 29m 28s· 2 players
Game mode
Random Map
Map size
Tiny (2 player)
Population
200
Speed
Normal
Resources
Standard
Victory
Conquest
Starting age
Dark Age
Ending age
Imperial Age
RankedLock teamsTeams togetherTeam positionsShared explorationLock speedFull tech treeHidden civsTurbo modeCheats
Victory
Defeat
🇳🇿 Danes · New Zealand
757
+17
🇧🇷 Tupi · Brazil
780
-43
Goop.Nukem
1:05 Loom
15:04 Feudal Age
20:13 Castle Age
18:20 Double-Bit Axe
18:57 Horse Collar
19:48 Man-at-Arms
jpierred
3:35 Loom
9:35 Feudal Age
10:08 Double-Bit Axe
17:54 Padded Archer Armor
20:42 Castle Age
26:56 Murder Holes
Connection lost

Rejoining the realm…

Still unreachable

The connection could not be restored.

Session expired

The server has moved on; the page needs a fresh start.